 Dungeon Crawl Stone Soup version 0.24.0-28-g17ded55e90 (webtiles) character file.

Game seed: 4415139519384227379, levelgen mode: deterministic

8454 KamiKatze the Cleaver (level 11, -2/108 HPs)
             Began as a Gargoyle Berserker on Nov 11, 2019.
             Was a High Priest of Trog.
             Slain by a seven-headed hydra (11 damage)
             ... on level 10 of the Dungeon.
             The game lasted 00:33:52 (10851 turns).

KamiKatze the Cleaver (Gargoyle Berserker)         Turns: 10851, Time: 00:33:53

Health: -2/108     AC: 18    Str: 29    XL:     11   Next: 31%
Magic:  12/12      EV: 12    Int:  8    God:    Trog [*****.]
Gold:   441        SH:  0    Dex:  9    Spells: 10/10 levels left

rFire    . . .     SeeInvis .   J - +0 trident (flame)
rCold    . . .     Gourm    +   (no shield)
rNeg     + . .     Faith    .   m - +0 scale mail
rPois    ∞         Spirit   .   (no helmet)
rElec    +         Reflect  .   q - +1 cloak
rCorr    .         Harm     .   (no gloves)
MR       .....                  (no boots)
Stlth    ..........             B - amulet of the gourmand
HPRegen  0.28/turn              i - ring of stealth
MPRegen  0.13/turn              (no ring)

@: berserking, very quick
A: negative energy resistance 1, electricity resistance, unbreathing,
petrification resistance, rot immunity, AC +8
a: Berserk, Trog's Hand, Brothers in Arms, Renounce Religion


You were on level 10 of the Dungeon.
You worshipped Trog.
Trog was extremely pleased with you.
You were very full.

You visited 2 branches of the dungeon, and saw 12 of its levels.

You collected 441 gold pieces.

Inventory:

Hand Weapons
 a - a +1 hand axe of electrocution
 k - a +2 war axe of holy wrath
 n - a cursed -1 mace
 A - a +1 mace of venom
 I - a +0 flail
 J - a +0 trident of flaming (weapon)
 L - a +0 morningstar
 M - a +1 flail of venom
 N - a +2 war axe of chopping
Missiles
 g - 221 stones
 D - 47 poisoned darts (quivered)
 O - 5 boomerangs
Armour
 m - a +0 scale mail (worn)
 q - a +1 cloak (worn)
 x - a +0 chain mail
Jewellery
 i - a ring of stealth (left hand)
 B - an amulet of the gourmand (around neck)
Wands
 h - a wand of clouds (9)
 o - a wand of polymorph (14)
 y - a wand of flame (19)
 H - a wand of acid (7)
 K - a wand of iceblast (5)
Scrolls
 b - 2 scrolls of blinking
 d - 2 scrolls of remove curse
 e - 2 scrolls of teleportation
 u - a scroll of enchant weapon
 v - a scroll of fog {unknown}
 w - a scroll of magic mapping
 C - 2 scrolls of random uselessness {unknown}
 R - 3 scrolls of identify
Potions
 f - 2 potions of mutation
 j - 2 potions of might
 l - a potion of flight
 p - 3 potions of curing
 r - a potion of haste {unknown}
 s - 3 potions of magic
 t - a potion of lignification {unknown}
 z - 5 potions of heal wounds
 E - a potion of cancellation {unknown}
 F - a potion of brilliance {unknown}
 G - 3 potions of agility
 P - a potion of ambrosia {unknown}
Comestibles
 c - 24 rations


   Skills:
 + Level 10.1 Fighting
 * Level 11.6 Axes
 + Level 6.4 Armour
 + Level 4.8 Dodging
 - Level 2.0 Evocations


You had 10 spell levels left.
You didn't know any spells.
Your spell library was empty.

Dungeon Overview and Level Annotations

Branches:
Dungeon (11/15)            Temple (1/1) D:5
   Lair: D:8-11         Orc: D:9-12

Altars:
Ashenzari
Cheibriados
Dithmenos
Elyvilon
Fedhas
Gozag
Hepliaklqana
Kikubaaqudgha
Makhleb
Nemelex Xobeh
Okawaru
Qazlal
Ru
Sif Muna
Trog
Uskayaw
Vehumet
Wu Jian
Xom
Yredelemnul
Zin
The Shining One

Shops:
D:7 =   D:8 (


Innate Abilities, Weirdness & Mutations

You are resistant to torment.
Your stone body is resilient. (AC +8)
You are immune to poison.
You resist negative energy. (rN+)
You are resistant to electric shocks. (rElec)
You can survive without breathing.
You are immune to petrification.
You are immune to rotting.


Message History

The seven-headed hydra is lightly wounded.
The seven-headed hydra bites you but does no damage.
The seven-headed hydra bites you!
* * * LOW HITPOINT WARNING * * *
The seven-headed hydra bites you.
* * * LOW HITPOINT WARNING * * *
The seven-headed hydra bites you.
* * * LOW HITPOINT WARNING * * *
The seven-headed hydra bites you!
* * * LOW HITPOINT WARNING * * *
The seven-headed hydra bites you but does no damage.
The seven-headed hydra bites you!
* * * LOW HITPOINT WARNING * * *
You impale the seven-headed hydra!! You burn the seven-headed hydra.
The seven-headed hydra is severely wounded.
The seven-headed hydra barely misses you.
The seven-headed hydra bites you.
* * * LOW HITPOINT WARNING * * *
The seven-headed hydra bites you!
You die...

#.....................#.......#
#...........#########.#.......#
#######.....+.......#.#.......'
#.....#.......#.#.......#
#.....#.......#.#.......#
#.....#.......#.#.......#
#.....#.......#.#.......#
#.....####'####.#######'#
#......D@................
##.....####....######.....
#..>.### #....'....#.....
#####....# #....#....#.....
#........# #....#....######
#........# #....#..........
#........# #....#..........
#........# #....#..........
#........# #....#..........


You could see a seven-headed hydra.

Vanquished Creatures
  A cyclops (D:11)
  Psyche (D:11)
  A hornet (D:8)
  A troll (D:10)
  2 hippogriffs
  4 yaks (D:11)
  2 wyverns
  Eustachio (D:5)
  A steam dragon (D:8)
  2 hungry ghosts
  An acid dragon (D:11)
  2 soldier ants (D:8)
  4 orc warriors
  3 ice beasts
  2 eyes of draining (D:11)
  4 necrophages (D:6)
  A phantom (D:11)
  4 ogres
  9 centaurs
  A big kobold (D:11)
  6 bullfrogs
  A wyvern zombie (D:6)
  A water moccasin skeleton (D:9)
  A scorpion (D:11)
  4 killer bees
  3 howler monkeys (D:9)
  2 electric eels (D:8)
  6 crimson imps
  7 hounds
  A quasit (D:9)
  2 orc priests (D:6)
  2 bullfrog skeletons
  2 centaur skeletons
  A jelly (D:7)
  5 iguanas
  Jessica (D:2)
  9 orc wizards
  6 worker ants
  A hound zombie (D:9)
  A hound skeleton (D:11)
  A mummy (D:5)
  5 worker ant zombies
  17 adders
  4 gnolls (D:3)
  5 shadow imps
  2 adder zombies
  An adder skeleton (D:5)
  4 worms
  5 dart slugs
  6 leopard geckos
  47 orcs
  5 bats
  7 giant cockroaches
  6 goblins
  11 hobgoblins
  11 jackals
  5 quokkas
  A ball python (D:2)
  4 frilled lizards
  21 kobolds
  A leopard gecko skeleton (D:4)
  A leopard gecko zombie (D:6)
  2 quokka skeletons
  A quokka zombie (D:5)
  9 rats
  A bush (D:6)
292 creatures vanquished.

Vanquished Creatures (others)
  An orc wizard (D:6)
  A quokka (D:7)
  2 bushes (D:6)
  15 plants
19 creatures vanquished.

Grand Total: 311 creatures vanquished

Notes
Turn   | Place    | Note
-------+----------+-------------------------------------------
     0 | D:1      | KamiKatze the Gargoyle Berserker began the quest for the
                  | Orb.
     0 | D:1      | Reached XP level 1. HP: 14/14 MP: 1/1
    94 | D:1      | Reached skill level 3 in Axes
   103 | D:1      | Reached XP level 2. HP: 9/19 MP: 2/2
   345 | D:1      | Reached XP level 3. HP: 14/24 MP: 3/3
   676 | D:1      | Reached ** piety under Trog
  1094 | D:2      | Reached skill level 4 in Axes
  1094 | D:2      | Reached XP level 4. HP: 27/29 MP: 4/4
  1099 | D:2      | Found a glowing golden altar of the Shining One.
  1127 | D:2      | Noticed Jessica
  1166 | D:2      | Killed Jessica
  1841 | D:3      | Reached XP level 5. HP: 27/34 MP: 5/5
  2126 | D:3      | Reached *** piety under Trog
  2412 | D:3      | Reached skill level 5 in Axes
  2501 | D:3      | Reached XP level 6. HP: 30/40 MP: 6/6
  2550 | D:3      | Reached skill level 5 in Fighting
  2877 | D:4      | Found a burning altar of Makhleb.
  3572 | D:5      | Entered Level 5 of the Dungeon
  3573 | D:5      | Noticed an ice beast
  3596 | D:5      | Killed an ice beast
  3596 | D:5      | Reached skill level 6 in Axes
  3596 | D:5      | Reached XP level 7. HP: 35/44 MP: 7/7
  3655 | D:5      | Found a staircase to the Ecumenical Temple.
  3754 | Temple   | Entered the Ecumenical Temple
  3926 | D:5      | Noticed Eustachio
  3965 | D:5      | Killed Eustachio
  4125 | D:5      | Reached skill level 7 in Axes
  4259 | D:5      | Found a sparkling altar of Nemelex Xobeh.
  4351 | D:5      | Reached XP level 8. HP: 18/52 MP: 8/8
  4456 | D:5      | Reached **** piety under Trog
  4529 | D:5      | Found a snail-covered altar of Cheibriados.
  5253 | D:6      | Reached skill level 8 in Axes
  5849 | D:6      | Found a radiant altar of Vehumet.
  5852 | D:6      | Found a hazy altar of Hepliaklqana.
  5852 | D:6      | Found a bloodstained altar of Trog.
  5855 | D:6      | Found an opulent altar of Gozag.
  6090 | D:6      | Found a sacrificial altar of Ru.
  6237 | D:6      | Found a hide-covered altar of Uskayaw.
  6245 | D:6      | Reached XP level 9. HP: 58/58 MP: 9/9
  6288 | D:6      | Found a blossoming altar of Fedhas.
  6307 | D:6      | Reached skill level 9 in Axes
  6687 | D:7      | Found a white marble altar of Elyvilon.
  7085 | D:7      | Found Xasef's Jewellery Shoppe.
  7517 | D:8      | Noticed a hornet
  7527 | D:8      | Killed a hornet
  7527 | D:8      | Reached skill level 10 in Axes
  7537 | D:8      | Reached ***** piety under Trog
  7537 | D:8      | Reached XP level 10. HP: 53/65 MP: 10/10
  7878 | D:8      | Found Judwuz's Antique Weapon Shoppe.
  8432 | D:9      | Found a shadowy altar of Dithmenos.
  8774 | D:9      | Reached skill level 1 in Evocations
  8869 | D:9      | Received a gift from Trog
  8945 | D:9      | Reached skill level 5 in Armour
  9179 | D:10     | Entered Level 10 of the Dungeon
  9901 | D:11     | Reached skill level 11 in Axes
 10136 | D:11     | Noticed a cyclops
 10136 | D:11     | Noticed a six-headed hydra
 10329 | D:11     | Noticed a seven-headed hydra
 10329 | D:11     | Noticed a kobold demonologist
 10329 | D:11     | Noticed a kobold demonologist
 10395 | D:11     | Reached XP level 11. HP: 41/72 MP: 12/12
 10707 | D:11     | Noticed Psyche
 10731 | D:11     | Killed a cyclops
 10731 | D:11     | Reached skill level 10 in Fighting
 10737 | D:11     | Killed Psyche
 10851 | D:10     | Slain by a seven-headed hydra

Levels and vault maps discovered:
D:1:      psy_arrival_radial01, layout_basic, minivault_5
D:2:      layout_loops_cross, old_standard_altar, uniq_jessica
D:3:      layout_loops_cross, minmay_distorted
D:4:      layout_cave_pods, makhleb_blood_cavern_becter, first_ration,
          kennysheep_generic_room_9
D:5:      layout_basic, nemelex_altar_shiori, slow_altar_1,
          minmay_temple_entry_ruins, hangedman_glass_teeth,
          minmay_misc_feat_cross, uniq_eustachio
D:6:      layout_loops_ring, nicolae_ru_path_of_blood, old_standard_altar,
          grunt_temple_overflow_open, fedhas_altar_decomposition
D:7:      layout_rooms, elyvilon_altar_4, serial_shops, shop
D:8:      layout_basic, serial_shops,
          nicolae_shop_temple_entry_statues_fountains, hex_intersection,
          hangedman_pestilent_swarm, nicolae_water_bricks, item_on_display_a
D:9:      layout_irregular_city, old_standard_altar, kennysheep_another_room
D:10:     layout_irregular_city
D:11:     layout_stronghold, dpeg_oklobed_lair, library_closet, uniq_psyche
Temple:   compressed_dpeg_circular_temple

Skill      XL: |  1  2  3  4  5  6  7  8  9 10 11 |
---------------+----------------------------------+-----
Axes           | 3 4 5 6 7 8 10 11 | 11.6
Fighting       | 4 5 6 7 8 9 10 | 10.1
Dodging        | 3 4 |  4.8
Armour         | 4 5 6 |  6.4
Evocations     | 2 |  2.0

Action                   |  1- 3 |  4- 6 |  7- 9 | 10-12 || total
-------------------------+-------+-------+-------+-------++-------
Melee: Hand axe          |   146 |   315 |   537 |   373 ||  1371
       Trident           |       |       |       |     3 ||     3
Throw: Stone             |       |    16 |       |       ||    16
       Dart              |       |       |    14 |       ||    14
Invok: Trog's Hand       |       |       |     7 |     1 ||     8
       Berserk           |       |       |     4 |     3 ||     7
  Use: Scroll            |       |       |     4 |    13 ||    17
  Eat: Chunk             |     1 |    14 |    29 |    28 ||    72
Armor: Animal skin       |     3 |       |       |       ||     3
       Ring mail         |    49 |       |       |       ||    49
       Scale mail        |    11 |   163 |   303 |   155 ||   632
Dodge: Dodged            |    85 |   160 |   266 |   203 ||   714
